 Dungeon Crawl Stone Soup version 0.31-a0-803-g95b03c3367 (webtiles) character file.

Game seed: 5180372848999434499

149 Maratek the Trooper (level 5, -3/36 HPs)
             Began as an Octopode Fighter on Sept 20, 2023.
             Was an Initiate of Yredelemnul.
             Slain by an ogre
             ... wielding a +0 giant club
              (23 damage)
             ... on level 4 of the Dungeon.
             The game lasted 00:03:11 (2497 turns).

Maratek the Trooper (Octopode Fighter)              Turns: 2497, Time: 00:03:13

Health: -3/36      AC:  1    Str: 17    XL:     5   Next: 31%
Magic:  5/5        EV: 13    Int: 10    God:    Yredelemnul [......]
Gold:   139        SH:  4    Dex: 12    Spells: 4/4 levels left

rFire   . . .        a - +0 war axe
rCold   . . .        b - +0 buckler
rNeg    . . .        (helmet restricted)
rPois   +            (no amulet)
rElec   .            j - ring of willpower
rCorr   .            p - ring of poison resistance
SInv    .            (no ring)
Will    +....        (no ring)
Stlth   +++          (no ring)
HPRegen 0.26/turn    (no ring)
MPRegen 0.09/turn    (no ring)
                     (no ring)

%: no passive effects
@: no status effects
A: almost no armour, amphibious, 8 rings, camouflage 1, gelatinous body 1,
(nimble swimmer 1), tentacles
a: Renounce Religion, Recall Undead Harvest


You were on level 4 of the Dungeon.
You worshipped Yredelemnul.
Yredelemnul was noncommittal.
You visited 1 branch of the dungeon, and saw 4 of its levels.

You collected 139 gold pieces.

Inventory:

Hand Weapons
 a - a +0 war axe (weapon)
Armour
 b - a +0 buckler (worn)
Jewellery
 j - a ring of willpower (left tentacle)
 p - a ring of poison resistance (right tentacle)
Wands
 l - a wand of light (7)
Scrolls
 f - 2 scrolls of teleportation {unknown}
 g - a scroll of enchant weapon {unknown}
 h - 2 scrolls of blinking {unknown}
 i - 2 scrolls of revelation {unknown}
 m - 2 scrolls of identify {unknown}
 n - 2 scrolls of fog {unknown}
 q - a scroll of enchant armour {unknown}
 r - 3 scrolls of brand weapon {unknown}
 t - a scroll of silence {unknown}
Potions
 c - a potion of might
 d - a potion of curing {unknown}
 e - a potion of attraction {unknown}
 k - a potion of enlightenment {unknown}
 o - a potion of mutation {unknown}
 s - a potion of ambrosia {unknown}


   Skills:
 + Level 3.6 Fighting
 + Level 3.3 Axes
 + Level 3.5 Dodging
 + Level 2.7 Stealth
 + Level 3.6 Shields


You had 4 spell levels left.
You didn't know any spells.
Your spell library contained the following spells:

 Spells                   Type           Power      Damage    Failure   Level
 Magic Dart               Conj           0%         1d3       43%         1
 Ensorcelled Hibernation  Hex/Ice        0%         N/A       58%         2
 Jinxbite                 Hex            0%         N/A       58%         2
 Searing Ray              Conj           0%         2d4       58%         2
 Anguish                  Hex/Necr       0%         N/A       99%         4
 Fulminant Prism          Conj/Hex       0%         3d5       99%         4


Dungeon Overview and Level Annotations

Branches:
Dungeon (4/15)
 Temple: D:4-7

Altars:
Makhleb
Ru
Vehumet
Wu Jian
Yredelemnul

Shops:
D:1 :   D:3 [[


Innate Abilities, Weirdness & Mutations

You cannot wear most types of armour.
You are amphibious.
You can wear up to eight rings at the same time.
Your skin changes colour to match your surroundings (Stealth+).
Your rubbery body absorbs attacks. (AC +1, EV +1)
((You are camouflaged when in or above water. (Stealth+)))
You have tentacles for arms and can constrict up to eight enemies at once.


Message History

You swap places.
Found a pair of glowing gloves.
Your jackal zombie completely misses the ball python.
Your jackal zombie closely misses the ball python.
The ball python barely misses you. The ball python grabs you.
The ball python constricts you.
Your jackal zombie bites the ball python.
The ball python dies!
No target in view!
You see here a +2 pair of gloves.
You swap places.
You see here a +2 pair of gloves.
Found a stone staircase leading down.
You swap places.
You swap places.
You swap places.
You see here a +2 pair of gloves.
You swap places.
A quokka comes into view.
A quokka is nearby!
A quokka is nearby!
An ogre comes into view. It is wielding a +0 giant club.
The helpless quokka fails to defend itself.
You slash the quokka!
You kill the quokka!
The dead are hopping!
The ogre shouts!
Your adder zombie bites the ogre.
Your jackal zombie bites the ogre.
The ogre hits your adder zombie with a +0 giant club!!
Your adder zombie is destroyed!
Your jackal zombie bites the ogre but does no damage.
Your jackal zombie bites the ogre. x2
Your jackal zombie bites the ogre but does no damage.
The ogre hits you with a +0 giant club!
Your jackal zombie bites the ogre.
You barely miss the ogre. You squeeze the ogre, but do no damage.
The ogre is moderately wounded.
Your jackal zombie bites the ogre. x2
The ogre hits you with a +0 giant club!!
Ouch! That really hurt!
You die...
Your body rises from the dead as a mindless zombie.

### #.# #### #.# #..#
##.# ##..# ##..#
###...# ..[.#
##...ZO## ...##
##....@Z.## ....##
#....Z....# .....##
##.........#
###...####......##...#
##...##......## #...#
##...........# #...#
##..........# #...
##.....##...# #..
#...>####...# #.


You could see an ogre (ally target), a friendly quokka zombie and 2 friendly
jackal zombies.

Vanquished Creatures
  Jessica (D:3)
  A hound zombie (D:3)
  2 adders
  A worm (D:2)
  A dart slug (D:1)
  An orc (D:4)
  9 endoplasms
  4 giant cockroaches
  8 goblins
  7 hobgoblins
  3 jackals (D:4)
  5 kobolds
  6 quokkas
  3 ball pythons
  A ball python zombie (D:3)
  3 bats
  4 frilled lizards
  A giant cockroach zombie (D:3)
  7 rats
68 creatures vanquished.

Vanquished Creatures (collateral kills)
  An adder (D:4)
  A ball python (D:4)
2 creatures vanquished.

Vanquished Creatures (others)
  An adder zombie (D:4)
  An endoplasm zombie (D:3)
  A hobgoblin zombie (D:3)
  A jackal zombie (D:4)
4 creatures vanquished.

Grand Total: 74 creatures vanquished

Notes
Turn   | Place    | Note
-------+----------+-------------------------------------------
     0 | D:1      | Maratek the Octopode Fighter began the quest for the Orb.
     0 | D:1      | Reached XP level 1. HP: 16/16 MP: 1/1
   111 | D:1      | Reached XP level 2. HP: 5/21 MP: 2/2
   343 | D:1      | Found Utryrum's Book Emporium.
   430 | D:1      | Reached XP level 3. HP: 26/26 MP: 3/3
   956 | D:2      | Reached skill level 1 in Stealth
  1488 | D:3      | Found a sacrificial altar of Ru.
  1488 | D:3      | Noticed Jessica
  1500 | D:3      | Reached XP level 4. HP: 25/31 MP: 4/4
  1504 | D:3      | Killed Jessica
  1752 | D:3      | Found a basalt altar of Yredelemnul.
  1767 | D:3      | Became a worshipper of Yredelemnul the Dark
  1791 | D:3      | Found Wiususa's Armour Shoppe.
  1870 | D:3      | Reached * piety under Yredelemnul
  1894 | D:3      | Reached XP level 5. HP: 36/36 MP: 5/5
  1919 | D:3      | Found Dearoog's Armour Shoppe.
  2067 | D:3      | Found a faded altar of an unknown god.
  2418 | D:4      | Found an ornate altar of the Wu Jian Council.
  2419 | D:4      | Found a burning altar of Makhleb.
  2419 | D:4      | Found a radiant altar of Vehumet.
  2487 | D:4      | Noticed an ogre
  2497 | D:4      | Slain by an ogre

Illustrated notes

Levels and vault maps discovered:
D:1:      psy_arrival_statuary, layout_rooms, serial_shops, shop_fountains,
          nicolae_twisty_statue_hallways
D:2:      layout_loops_cross
D:3:      layout_loops_ring, nicolae_yredelemnul_corpse_copse,
          mainiacjoe_overflow_catwalk, serial_shops,
          nicolae_shop_advertising_works [nicolae_subvault_shop_adworks],
          nicolae_shop_waterfront, hellmonk_ecumenical_altar_leap_of_faith,
          uniq_jessica
D:4:      layout_layer_cave, chequers_temple_overflow_statue_of_worship,
          uniq_natasha

Skill      XL: |  1  2  3  4 |
---------------+-------------+-----
Stealth        | 1 2 |  2.7
Axes           | 3 |  3.3
Fighting       | |  3.6
Dodging        | |  3.5
Shields        | |  3.6

Action                     |  1- 3 |  4- 6 || total
---------------------------+-------+-------++-------
  Melee: War axe           |    63 |    48 ||   111
         Constrict         |    13 |    12 ||    25
         Tentacles         |     9 |     9 ||    18
 Invoke: Recall Undead Har |       |     1 ||     1
   Stab: Sleeping          |     7 |    11 ||    18
 Armour: Skin              |    25 |    18 ||    43
  Dodge: Dodged            |    29 |    20 ||    49
  Block: Buckler           |    13 |     9 ||    22

Table legend: (Time is in decaauts)
 A = Elapsed time spent in this place.
 B = Non-inter-level travel time spent in this place.
 C = Inter-level travel time spent in this place.
 D = Time resting spent in this place.
 E = Time spent auto-exploring this place.
 F = Levels seen in this place.
 G = Mean time per level.
                   A        B        C        D        E       F      G
               +--------+--------+--------+--------+--------+-----+--------+
         Total |   2540 |   2395 |    145 |      0 |   1938 |   4 |  635.0 |
       Dungeon |   2540 |   2395 |    145 |      0 |   1938 |   4 |  635.0 |
               +--------+--------+--------+--------+--------+-----+--------+

Top non-repeatable levels by time:
     D:3: 781 daAuts
     D:2: 725 daAuts
     D:1: 691 daAuts
     D:4: 341 daAuts
